 Dungeon Crawl Stone Soup version 0.30-a0-1094-g860fb061e7 (webtiles) character file.

Game seed: 12126004052732087070

605 yokelz the Trooper (level 7, -1/45 HPs)
             Began as a Gargoyle Monk on Apr 17, 2023.
             Slain by Pikel
             ... wielding a +1 whip of freezing
              (2 damage)
             ... on level 5 of the Dungeon.
             The game lasted 00:11:25 (5179 turns).

yokelz the Trooper (Gargoyle Monk)                  Turns: 5179, Time: 00:11:25

Health: -1/45      AC: 12    Str: 14    XL:     7   Next: 42%
Magic:  8/8        EV: 11    Int: 13    God:
Gold:   81         SH:  0    Dex: 12    Spells: 8/8 levels left

rFire   . . .      SeeInvis .      - Unarmed
rCold   . . .      Faith    .    c - orb {light}
rNeg    + . .      Spirit   .    k - +0 ring mail
rPois   ∞          Reflect  .    (no helmet)
rElec   +          Rampage  .    (no cloak)
rCorr   .                        (no gloves)
Will    .....                    p - +1 pair of boots Stlth
                                 (no amulet)
HPRegen 0.27/turn                (no ring)
MPRegen 0.11/turn                (no ring)

@: confused, ambrosia-drunk, glowing
A: sickness immunity, AC +4, negative energy resistance 1, electricity
resistance, torment resistance 1, petrification resistance
a: no special abilities


You were on level 5 of the Dungeon.
You visited 1 branch of the dungeon, and saw 8 of its levels.

You collected 221 gold pieces.
You spent 140 gold pieces at shops.

Inventory:

Missiles
 q - 5 atropa-tipped darts (quivered)
Armour
 a - a +0 robe
 c - an orb of light (worn)
 k - a +0 ring mail (worn)
 p - a +1 pair of boots (worn)
 z - a +0 buckler
Jewellery
 x - a ring of fire
Scrolls
 d - 3 scrolls of poison
 e - a scroll of enchant weapon
 f - a scroll of magic mapping
 i - a scroll of enchant armour {unknown}
 l - 2 scrolls of fear
 m - 2 scrolls of amnesia {unknown}
 n - 2 scrolls of fog {unknown}
 o - 2 scrolls of immolation
 s - 2 scrolls of teleportation {unknown}
 t - a scroll of silence {unknown}
 u - 2 scrolls of blinking {unknown}
 v - a scroll of noise {unknown}
 y - 2 scrolls of identify
Potions
 h - 4 potions of degeneration
 j - 3 potions of haste
 r - a potion of lignification {unknown}
 w - a potion of curing
 A - 2 potions of might {unknown}


   Skills:
 + Level 5.8 Fighting
 + Level 1.4 Armour
 - Level 3.4 Dodging
 - Level 3.0 Stealth
 + Level 5.2 Unarmed Combat
 + Level 1.1 Spellcasting


You had 8 spell levels left.
You didn't know any spells.
Your spell library was empty.

Dungeon Overview and Level Annotations

Branches:
Dungeon (8/15)
 Temple: D:4-7         Lair: D:8-11

Altars:
Dithmenos
Fedhas
Sif Muna
Zin

Shops:
D:3 :   D:4 !:((

Annotations:
D:5 Pikel


Innate Abilities, Weirdness & Mutations

You are immune to sickness and miasma.
Your stone body is resilient. (AC +4)
You are immune to poison.
You resist negative energy. (rN+)
You are resistant to electric shocks. (rElec)
You are resistant to unholy torment.
You are immune to petrification.


Message History

You hit the lemure.
The lemure is moderately wounded.
You hit Pikel but do no damage. You barely miss Pikel.
Pikel hits you with a +1 whip of freezing.
Pikel freezes you.
* * * LOW HITPOINT WARNING * * *
You hit Pikel but do no damage.
Pikel hits you with a +1 whip of freezing.
* * * LOW HITPOINT WARNING * * *
Pikel freezes you.
* * * LOW HITPOINT WARNING * * *
You hit Pikel but do no damage. Pikel hits you but does no damage.
You hit Pikel.
Pikel is lightly wounded.
You completely miss Pikel.
Pikel is lightly wounded.
Pikel barely misses you.
You hit Pikel.
Pikel is moderately wounded.
Pikel hits you with a +1 whip of freezing.
* * * LOW HITPOINT WARNING * * *
Pikel freezes you.
* * * LOW HITPOINT WARNING * * *
You hit Pikel but do no damage.
Pikel is moderately wounded.
Pikel hits you but does no damage.
You punch Pikel!
Pikel is heavily wounded.
Pikel hits you with a +1 whip of freezing.
* * * LOW HITPOINT WARNING * * *
Pikel freezes you.
* * * LOW HITPOINT WARNING * * *
Okay, then.
You are confused.
You feel invigorated.
Pikel hits you with a +1 whip of freezing.
* * * LOW HITPOINT WARNING * * *
Pikel freezes you.
You die...

#.# #.#
######.####.#
#(..........#
#.####.###.##
#.# # #.#
#..####.#
#....@K5#
+..####.# #
#.# #.# #.#
#.. #.. #..


You could see Pikel and a lemure.

Vanquished Creatures
  A phantom (D:6)
  A lemure (D:6)
  2 scorpions
  A jelly (D:6)
  2 orc priests (D:4)
  An iguana (D:4)
  Natasha (thrice) (D:3)
  Robin (D:3)
  9 adders
  A worm (D:3)
  5 dart slugs
  15 orcs
  6 bats
  5 endoplasms
  5 giant cockroaches
  19 goblins
  5 hobgoblins
  4 jackals (D:4)
  5 kobolds
  7 quokkas
  4 ball pythons
  3 frilled lizards
  6 rats
111 creatures vanquished.

Vanquished Creatures (others)
  A plant (D:3)
1 creature vanquished.

Grand Total: 112 creatures vanquished

Notes
Turn   | Place    | Note
-------+----------+-------------------------------------------
     0 | D:1      | yokelz the Gargoyle Monk began the quest for the Orb.
     0 | D:1      | Reached XP level 1. HP: 14/14 MP: 1/1
   203 | D:1      | Reached XP level 2. HP: 16/19 MP: 2/2
   858 | D:2      | Found a shimmering blue altar of Sif Muna.
   968 | D:2      | Reached XP level 3. HP: 24/24 MP: 3/3
  1388 | D:2      | Found a faded altar of an unknown god.
  1468 | D:3      | Noticed Robin
  1533 | D:3      | Found a blossoming altar of Fedhas.
  1667 | D:3      | Reached XP level 4. HP: 29/29 MP: 4/4
  1667 | D:3      | Noticed Natasha
  1677 | D:3      | Killed Natasha
  1686 | D:3      | Noticed Natasha
  1711 | D:3      | Killed Natasha
  1744 | D:3      | Found a glowing silver altar of Zin.
  1750 | D:3      | Reached XP level 5. HP: 34/34 MP: 5/5
  1782 | D:3      | Found Jehecham's Book Emporium.
  1875 | D:3      | Noticed Natasha
  1900 | D:3      | Killed Natasha
  2261 | D:3      | Found a shadowy altar of Dithmenos.
  2343 | D:3      | Killed Robin
  2350 | D:3      | Reached skill level 1 in Stealth
  2599 | D:5      | Entered Level 5 of the Dungeon
  2763 | D:3      | Reached skill level 5 in Fighting
  2763 | D:3      | Reached XP level 6. HP: 25/40 MP: 6/6
  3566 | D:4      | Reached XP level 7. HP: 39/44 MP: 7/7
  3670 | D:4      | Reached skill level 5 in Unarmed Combat
  3742 | D:4      | Found Huliolyr's Book Shoppe.
  3746 | D:4      | Found Hijes's Weapon Shoppe.
  3746 | D:4      | Found Xoutacs's Distillery.
  3747 | D:4      | Found Cyageule's Weapon Shoppe.
  3769 | D:4      | Bought a potion of haste for 140 gold pieces
  4796 | D:6      | Reached skill level 1 in Armour
  4920 | D:6      | Reached skill level 1 in Spellcasting
  4947 | D:6      | Noticed Pikel
  5178 | D:5      | HP: 1/45 [Pikel/+1 whip of freezing (2)]
  5179 | D:5      | Slain by Pikel

Illustrated notes

Levels and vault maps discovered:
D:1:      matt_arrival_grand_opening, layout_loops_ring
D:2:      layout_basic, basic_altar, hellmonk_ecumenical_altar_leap_of_faith
D:3:      layout_loops_cross, fedhas_altar_1,
          nicolae_dithmenos_through_a_glass_darkly,
          mainiacjoe_overflow_tiny_flanked, serial_shops, shop, uniq_robin,
          uniq_natasha
D:4:      minmay_octagon_keep, layout_layer_cave, nicolae_ossuary_entry_ruins,
          minmay_shop_grid_forest, grunt_ministairs_4,
          minmay_misc_feat_nine_boxes
D:5:      layout_basic, grunt_qazlal_sundering, minmay_temple_entry_water_ring,
          saegor_snake_ambush, uniq_crazy_yiuf_cottage
D:6:      nicolae_cairo_tiling_very_big, layout_loops_ring, uniq_pikel
D:7:      layout_basic
D:8:      layout_basic, david_lair_generic, lightli_minifort

Skill      XL: |  1  2  3  4  5  6  7 |
---------------+----------------------+-----
Fighting       | 4 5 |  5.8
Dodging        | 3 |  3.4
Unarmed Combat | 4 5 |  5.2
Stealth        | 2 3 |  3.0
Armour         | 1 |  1.4
Spellcasting   | 1 |  1.1

Action                     |  1- 3 |  4- 6 |  7- 9 || total
---------------------------+-------+-------+-------++-------
  Melee: Unarmed           |   115 |   284 |   116 ||   515
    Use: Scroll            |     7 |       |     1 ||     8
         Potion            |       |       |     3 ||     3
 Armour: Robe              |    12 |       |       ||    12
         Ring mail         |    33 |   134 |    75 ||   242
  Dodge: Dodged            |    66 |   196 |    65 ||   327

Table legend: (Time is in decaauts)
 A = Elapsed time spent in this place.
 B = Non-inter-level travel time spent in this place.
 C = Inter-level travel time spent in this place.
 D = Time resting spent in this place.
 E = Time spent auto-exploring this place.
 F = Levels seen in this place.
 G = Mean time per level.
                   A        B        C        D        E       F      G
               +--------+--------+--------+--------+--------+-----+--------+
         Total |   5184 |   5042 |    142 |    898 |   2912 |   8 |  648.0 |
       Dungeon |   5184 |   5042 |    142 |    898 |   2912 |   8 |  648.0 |
               +--------+--------+--------+--------+--------+-----+--------+

Top non-repeatable levels by time:
     D:4: 1829 daAuts
     D:3: 1400 daAuts
     D:1: 843 daAuts
     D:2: 636 daAuts
     D:6: 260 daAuts
     D:7: 177 daAuts
     D:5: 34 daAuts
     D:8: 1 daAuts
